 Dungeon Crawl Stone Soup version 0.26-a0-244-g083ca260ac (webtiles) character file.

Game seed: 14719688508692958095

2035 Infinimo the Grappler (level 9, -2/79 HPs)
             Began as a Ghoul Monk on July 8, 2020.
             Was a Priest of Okawaru.
             Slain by a hippogriff (6 damage)
             ... on level 7 of the Dungeon.
             The game lasted 00:12:30 (10118 turns).

Infinimo the Grappler (Ghoul Monk)                 Turns: 10118, Time: 00:12:31

Health: -2/79      AC:  1    Str: 18    XL:     9   Next: 24%
Magic:  8/8        EV: 14    Int:  5    God:    Okawaru [***...]
Gold:   139        SH:  0    Dex: 11    Spells: 8/8 levels left

rFire    + + .     SeeInvis .     - Unarmed
rCold    + + .     Faith    .   (no shield)
rNeg     + + +     Spirit   .   g - +1 robe {rC+ rF+}
rPois    ∞         Reflect  .   p - +0 helmet
rElec    .         Harm     .   (no cloak)
rCorr    .                      f - +0 pair of gloves
MR       .....                  (no boots)
Stlth    ++........             (no amulet)
HPRegen  0.00/turn              e - ring of protection from fire
MPRegen  0.11/turn              (no ring)

@: corroded, rotting, hasted, very quick
A: rotting body, claws 1, carnivore, cold resistance 1, negative energy
resistance 3, inhibited regeneration, torment resistance, unbreathing
a: Heroism, Renounce Religion


You were on level 7 of the Dungeon.
You worshipped Okawaru.
Okawaru was most pleased with you.
You were not hungry.

You visited 1 branch of the dungeon, and saw 7 of its levels.

You collected 363 gold pieces.
You spent 224 gold pieces at shops.

Inventory:

Missiles
 c - 2 boomerangs (quivered)
Armour
 f - a +0 pair of gloves (worn)
 g - a +1 robe of resistance (worn)
 p - a +0 helmet (worn)
Jewellery
 e - a ring of protection from fire (left hand)
Wands
 o - a wand of clouds (7)
Scrolls
 a - a scroll of teleportation
 b - 3 scrolls of remove curse
Potions
 h - a potion of mutation
 j - 2 potions of degeneration
 k - a potion of stabbing
 l - 2 potions of resistance
 m - a potion of brilliance
 n - a potion of lignification
Comestibles
 q - 5 chunks of flesh


   Skills:
 + Level 7.3 Fighting
 + Level 6.0 Dodging
 - Level 2.3 Stealth
 * Level 9.7 Unarmed Combat


You had 8 spell levels left.
You didn't know any spells.
Your spell library was empty.

Dungeon Overview and Level Annotations

Branches:
Dungeon (7/15)             Temple (0/1) D:6

Altars:
Ashenzari
Kikubaaqudgha
Makhleb
Nemelex Xobeh
Okawaru
Sif Muna
Trog
Uskayaw

Shops:
D:4 *   D:6 }   D:7 (


Innate Abilities, Weirdness & Mutations

Your body is rotting away.
You thrive on raw meat.
You are immune to poison.
You have sharp fingernails.
You are carnivorous and can eat meat at any time.
Your flesh is cold resistant. (rC+)
You are immune to negative energy. (rN+++)
You do not regenerate when monsters are visible.
You are immune to unholy pain and torment.
You can survive without breathing.


Message History

The hippogriff pecks you.
* * * LOW HITPOINT WARNING * * *
The hippogriff claws you.
* * * LOW HITPOINT WARNING * * *
You punch the hippogriff!
The hippogriff is severely wounded.
The hippogriff is severely wounded.
The hippogriff bites you.
* * * LOW HITPOINT WARNING * * *
The hippogriff claws you!
* * * LOW HITPOINT WARNING * * *
You feel better. The hippogriff pecks you.
* * * LOW HITPOINT WARNING * * *
You feel better.
You punch the hippogriff!
The hippogriff is almost dead.
The hippogriff bites you!
* * * LOW HITPOINT WARNING * * *
The hippogriff pecks you.
You die...

............#
............
....>......#
...........#
.......%...#
...........#
.......÷...###########
.....................#
................@....#
..........)....H.....#
.....................#
##'###...............#
.....................#
###.........##########
#.........#
#.........# #.........


You could see a hippogriff.

Vanquished Creatures
  Sigmund (D:2)
  An orc warrior (D:6)
  A phantom (D:4)
  2 sky beasts (D:6)
  3 ogres
  3 centaurs (D:5)
  4 bullfrogs
  A wyvern skeleton (D:6)
  A scorpion (D:5)
  A gnoll shaman (D:5)
  A hound (D:5)
  An orc priest (D:4)
  A jelly (D:7)
  2 orc wizards
  A bullfrog skeleton (D:5)
  An iguana (D:5)
  Terence (D:2)
  2 worker ants
  A worker ant zombie (D:5)
  12 gnolls
  8 adders
  2 white imps (D:5)
  An ufetubus (D:5)
  An ooze (D:1)
  2 adder skeletons
  3 worms
  3 dart slugs
  5 leopard geckos
  15 orcs
  2 ball pythons
  8 bats
  6 giant cockroaches
  10 goblins
  7 hobgoblins
  6 jackals
  3 quokkas
  8 frilled lizards
  A jackal zombie (D:6)
  4 kobolds
  13 rats
149 creatures vanquished.

Notes
Turn   | Place    | Note
-------+----------+-------------------------------------------
     0 | D:1      | Infinimo the Ghoul Monk began the quest for the Orb.
     0 | D:1      | Reached XP level 1. HP: 19/19 MP: 0/0
   306 | D:1      | Reached XP level 2. HP: 14/26 MP: 1/1
   731 | D:1      | Reached XP level 3. HP: 31/31 MP: 2/2
   922 | D:1      | Reached skill level 4 in Unarmed Combat
  1293 | D:2      | HP: 1/33 [gnoll/+0 flail (13)]
  1749 | D:2      | Reached XP level 4. HP: 31/40 MP: 3/3
  2759 | D:2      | Noticed Sigmund
  2889 | D:2      | Noticed Terence
  2911 | D:2      | Killed Terence
  2911 | D:2      | Reached XP level 5. HP: 24/46 MP: 4/4
  3074 | D:2      | Reached skill level 5 in Unarmed Combat
  3346 | D:2      | Killed Sigmund
  3346 | D:2      | Reached XP level 6. HP: 49/53 MP: 5/5
  3764 | D:3      | Reached skill level 6 in Unarmed Combat
  4187 | D:3      | Found an iron altar of Okawaru.
  4353 | D:3      | Became a worshipper of Warmaster Okawaru
  4353 | D:3      | Reached * piety under Okawaru
  4353 | D:3      | Reached ** piety under Okawaru
  4430 | D:3      | Reached skill level 5 in Fighting
  4671 | D:4      | Reached XP level 7. HP: 31/61 MP: 6/6
  4873 | D:4      | Found a shimmering blue altar of Sif Muna.
  5451 | D:4      | Found an ancient bone altar of Kikubaaqudgha.
  5452 | D:4      | Found a shattered altar of Ashenzari.
  5452 | D:4      | Found a sparkling altar of Nemelex Xobeh.
  5497 | D:4      | Found Coboguppang's Assorted Antiques.
  5502 | D:4      | Bought a heavily jewelled robe for 136 gold pieces
  5502 | D:4      | Bought a scroll labeled LER AHOXTIEFIA for 24 gold pieces
  5502 | D:4      | Bought 2 metallic blue potions for 43 gold pieces
  5502 | D:4      | Bought a glowing pink potion for 21 gold pieces
  5512 | D:4      | Identified the +2 robe "Tud Qoam" {MR++ Dex+2} (You bought
                  | it in a shop on level 4 of the Dungeon)
  6004 | D:4      | Reached skill level 7 in Unarmed Combat
  6220 | D:5      | Entered Level 5 of the Dungeon
  6391 | D:5      | Reached XP level 8. HP: 29/70 MP: 7/7
  6596 | D:5      | Found a bloodstained altar of Trog.
  7154 | D:5      | Found a burning altar of Makhleb.
  7176 | D:5      | Reached skill level 5 in Dodging
  7477 | D:5      | Reached skill level 8 in Unarmed Combat
  7616 | D:5      | Reached *** piety under Okawaru
  8591 | D:6      | Reached skill level 9 in Unarmed Combat
  8929 | D:6      | Found a staircase to the Ecumenical Temple.
  8938 | D:6      | Reached XP level 9. HP: 78/78 MP: 8/8
  9021 | D:6      | Found Rapteoti's Gadget Emporium.
  9540 | D:6      | Found a hide-covered altar of Uskayaw.
 10034 | D:7      | Found Weppomo's Antique Weapon Boutique.
 10115 | D:7      | HP: 2/79 [hippogriff (8)]
 10118 | D:7      | Slain by a hippogriff

Illustrated notes

Levels and vault maps discovered:
D:1:      scummos_arrival_star, layout_loops_ring
D:2:      cheibrodos_greedy_goblins, layout_basic, uniq_terence, uniq_sigmund
D:3:      layout_rooms, okawaru_ov_weapons_minmay
D:4:      layout_loops_ring, lemuel_blue_sif_altar, grunt_temple_overflow_open,
          serial_shops, kennysheep_little_box
D:5:      layout_layer_cave, bloody_trog, first_ration, makhleb_heckhound_becter
D:6:      layout_basic, nicolae_overflow_crystal_walls,
          minmay_temple_entry_glassed_door, serial_shops,
          nicolae_shop_waterfront
D:7:      layout_basic, grunt_gozag_statues, nicolae_overflow_hidden_temple,
          serial_shops, shop, kennysheep_flooded_box

Skill      XL: |  1  2  3  4  5  6  7  8  9 |
---------------+----------------------------+-----
Dodging        | 3 4 5 6 |  6.0
Unarmed Combat | 4 5 6 7 9 |  9.7
Fighting       | 4 5 6 7 |  7.3
Stealth        | |  2.3

Action                   |  1- 3 |  4- 6 |  7- 9 || total
-------------------------+-------+-------+-------++-------
Melee: Unarmed           |    97 |   229 |   300 ||   626
       Punch             |       |     8 |    11 ||    19
  Use: Scroll            |       |     5 |    11 ||    16
       Potion            |       |       |     3 ||     3
 Stab: Sleeping          |     7 |     1 |     3 ||    11
       Distracted        |       |       |     1 ||     1
  Eat: Chunk             |     4 |    12 |    14 ||    30
Armor: Robe              |    26 |    27 |    23 ||    76
Dodge: Dodged            |    85 |   129 |   144 ||   358

Table legend:
 A = Non-vault XP
 B = Vault XP
 C = Vault XP percentage of total XP
 D = Non-vault monster count
 E = Vault monster count
 F = Vault count percentage of total count
                 A         B        C        D         E       F
            +---------+---------+-------+---------+---------+-------
      Total |    2605 |     303 |  10.4 |     139 |      10 |   6.7
            +---------+---------+-------+---------+---------+-------
        D:1 |      80 |       0 |   0.0 |      29 |       0 |   0.0
        D:2 |     104 |     260 |  71.4 |      21 |       9 |  30.0
        D:3 |     142 |       0 |   0.0 |      32 |       0 |   0.0
        D:4 |     413 |       0 |   0.0 |      15 |       0 |   0.0
        D:5 |     902 |      43 |   4.6 |      25 |       1 |   3.8
        D:6 |     741 |       0 |   0.0 |      13 |       0 |   0.0
        D:7 |     223 |       0 |   0.0 |       4 |       0 |   0.0
            +---------+---------+-------+---------+---------+-------
